 Dungeon Sprint DCSS version 0.18-a0-1805-g8ab820f (webtiles) character file.

10 Kidiri the Sneak (level 2, -1/14 HPs)
             Began as a Spriggan Enchanter on Apr 26, 2016.
             Slain by a neqoxec (6 damage)
             ... in the Dungeon (Sprint II: "The Violet Keep of Menkaure").
             The game lasted 00:01:16 (163 turns).

Kidiri the Sneak (Spriggan Enchanter)                Turns: 163, Time: 00:01:17

Health: -1/14      AC:  2    Str:  2      XL:     2   Next: 10%
Magic:  2/7        EV: 19    Int: 15 (18) God:
Gold:   243        SH:  0    Dex: 16      Spells: 2 memorised, 4 levels left

rFire  . . .     SeeInvis +     a - +1 dagger
rCold  . . .     Gourm    .     b - +1 robe
rNeg   . . .     Faith    .     (shield restricted)
rPois  .         Spirit   .     (helmet restricted)
rElec  .         Dismiss  .     (no cloak)
rCorr  .         Reflect  .     (gloves unavailable)
SustAt .         Harm     .     (boots unavailable)
MR     .....     NoTele   +     (no amulet)
Stlth  +++.......               (no ring)
                                (no ring)

@: very slightly contaminated, very quick, not resistant to hostile
enchantments, fairly stealthy
A: unfitting armour, see invisible, clever 1, deformed body, herbivore 3, speed
3, slow metabolism 2, weak 1
a: no special abilities


You were in the Dungeon.
You were not hungry.

You visited 1 branch You collected 243 gold pieces.

Inventory:

Hand Weapons
 a - a +1 dagger (weapon)
Armour
 b - a +1 robe (worn)
Scrolls
 j - a scroll of blinking
Potions
 f - a potion of heal wounds
 g - a potion of haste
 h - a potion of magic
Books
 c - a book of Maledictions

   Spells                             Type                      Level
   a - Corona                         Hexes                        1
   b - Ensorcelled Hibernation        Hexes/Ice                    2
   c - Confuse                        Hexes                        3
   d - Tukima's Dance                 Hexes                        3
   e - Dazzling Spray                 Conjuration/Hexes            3
Comestibles
 d - a bread ration


   Skills:
 + Level 0.8 Fighting
 * Level 2.2 Short Blades
 + Level 0.7 Armour
 * Level 4.0 Dodging
 * Level 5.1 Stealth
 * Level 3.4 Spellcasting
 + Level 3.7 Hexes
 + Level 0.0 Ice Magic


You had 4 spell levels left.
You knew the following spells:

 Your Spells              Type           Power        Failure   Level  Hunger
a - Corona                Hex            ##.....      4%          1    None
b - Ensorcelled Hibernat  Hex/Ice        #.....       14%         2    ##.....


Dungeon Overview and Level Annotations

Branches:
Dungeon (1/1)

Altars:


Innate Abilities, Weirdness & Mutations

You are tiny and cannot use many weapons and most armour.
You have supernaturally acute eyesight.
You are a herbivore.
You cover ground extremely quickly.
You need consume almost no food.
Your mind is acute. (Int +2)
Armour fits poorly on your strangely shaped body.
You are weak. (Str -2)


Message History

The crimson imp shouts, "Escape, thou horrid toad-spotted clam!"
The crimson imp misses you. The neqoxec gestures at you.
Something tries to feed on your intellect!
The neqoxec gestures.
The helpless neqoxec fails to defend itself.
You impale the neqoxec!!
The neqoxec is almost dead.
The crimson imp barely misses you. The neqoxec barely misses you.
Unknown command.
You closely miss the neqoxec.
The neqoxec is almost dead.
The crimson imp blinks! x2
The neqoxec gestures at you.
Strange energies course through your body.
You feel weaker.
You hit the neqoxec but do no damage.
The neqoxec is almost dead.
The crimson imp hits you.
The crimson imp blinks!
The neqoxec hits you.
You die...

## ## H# #H
### .#. ##
##.###+# #5#
#..%##5##3#
+.##+ยง<@33#
###.##.##35#
#.###+# #.#
### $#. ##
.B B. ##.
.## ## ##


You could see 4 neqoxecs, 2 crimson imps and an ufetubus.

Vanquished Creatures
  3 worms (D)
3 creatures vanquished.

Notes
Turn   | Place    | Note
--------------------------------------------------------------
     0 | D        | Kidiri the Spriggan Enchanter began the quest for the Orb.
     0 | D        | Reached XP level 1. HP: 9/9 MP: 5/5
     1 | D        | Noticed a hippogriff
     1 | D        | Noticed a hippogriff
   111 | D        | Reached skill level 5 in Stealth
   111 | D        | Reached XP level 2. HP: 14/14 MP: 5/7
   117 | D        | Learned a level 2 spell: Ensorcelled Hibernation
   144 | D        | Noticed a boulder beetle
   144 | D        | Noticed a boulder beetle
   147 | D        | Noticed a neqoxec
   147 | D        | Noticed a neqoxec
   147 | D        | Noticed a neqoxec
   147 | D        | Noticed a neqoxec
   153 | D        | Noticed a crimson imp
   153 | D        | Noticed a crimson imp
   155 | D        | Gained mutation: Your mind is acute. (Int +2) [a neqoxec]
   159 | D        | Gained mutation: Armour fits poorly on your strangely shaped body. [a neqoxec]
   162 | D        | Gained mutation: You are weak. (Str -2) [a neqoxec]
   163 | D        | Slain by a neqoxec

Vault maps used:
D:        the_violet_keep_of_menkaure

Skill      XL: |  1 |
---------------+----+-----
Spellcasting   | 3 |  3.4
Short Blades   | 2 |  2.2
Dodging        | 4 |  4.0
Stealth        | 5 |  5.1
Fighting       | |  0.8
Armour         | |  0.7
Hexes          | |  3.7

Action                   || total
-------------------------++-------
Melee: Dagger            ||    33
 Cast: Corona            ||     6
       Ensorcelled Hiber ||     5
  Use: Potion            ||     3
 Stab: Sleeping          ||     2
Armor: Robe              ||     2
Dodge: Dodged            ||    22
